Lightning vs Golden Seals

Created - 8 janvier 2021 at 09:40

Goals
1 2 3 OT1 T
Lightning 0 0 3 1 4
Golden Seals 1 1 1 0 3
Shots
1 2 3 OT1 T
Lightning 9 11 15 3 38
Golden Seals 10 13 15 0 38

1st period

1. Golden Seals , Robby Fabbri 8 (Nick Suzuki 9) at 18:42

Penalties :
No Penalty

2nd period

2. Golden Seals , Jonathan Toews 8 (Colton Parayko 6, Jordan Eberle 11) at 2:58

Penalties :
Max Domi (CLF) for Slashing (Minor) at 11:32

3rd period

3. Golden Seals , Max Domi 6 (William Karlsson 6, Colton Parayko 7) at 2:31
4. Lightning , Teddy Blueger 6 (Andrej Sekera 4, Nicolas Deslauriers 6) at 4:04
5. Lightning , Mikko Koivu 5 (Nick Foligno 9, Andrej Sekera 5) at 10:27
6. Lightning , Cedric Paquette 5 (Ryan Dzingel 12, Radko Gudas 5) at 17:23

Penalties :
No Penalty

Overtime #1

7. Lightning , Ryan Nugent-Hopkins 10 (Tyler Seguin 15, T.J. Brodie 7) at 0:40

Penalties :
No Penalty

Goalie Stats

Matt Murray (TAM), 35 saves from 38 shots - (0,921), W, 4-3-1, 60:40 minutes
Andrei Vasilevskiy (CLF), 34 saves from 38 shots - (0,895), OTL, 12-4-1, 60:40 minutes

Players Stats for Lightning

Player Name              G  A  P  +/- PIM S  H  SB GA TA FO     MP     PP MP  PK MP  
------------------------------------------------------------------------------------
Andrej Sekera            0  2  2   1  0   1  0  1  0  0  0/0    19:07   0:41   0:00 
Andrew Cogliano          0  0  0   1  0   4  3  0  1  0  0/0    15:27   0:00   0:00 
Cedric Paquette          1  0  1   1  0   1  1  0  2  1  3/5    15:27   0:00   0:00 
Chris Wagner             0  0  0   1  0   2  1  0  0  0  0/0     8:19   0:00   0:00 
Colin Miller             0  0  0  -1  0   1  0  0  0  0  0/0    14:55   0:00   0:00 
Jakob Silfverberg        0  0  0  -1  0   4  0  1  1  0  0/0    16:12   1:09   0:00 
Johnny Boychuk           0  0  0   1  0   0  0  0  0  0  0/0    19:29   0:00   0:00 
Jon Marchessault         0  0  0  -1  0   2  0  1  0  0  1/2    20:33   1:09   0:00 
Mikko Koivu              1  0  1  -1  0   4  1  0  0  1  5/12   14:55   0:00   0:00 
Nick Foligno             0  1  1  -1  0   0  2  0  1  0  1/1    15:50   0:50   0:00 
Nicolas Deslauriers      0  1  1   1  0   3  1  1  1  0  0/1     9:34   1:18   0:00 
Radko Gudas              0  1  1   1  0   1  1  1  0  0  0/0    25:49   0:41   0:00 
Riley Stillman           0  0  0  -1  0   1  1  1  0  1  0/0    13:17   0:00   0:00 
Ryan Dzingel             0  1  1   1  0   2  1  0  2  1  0/0    15:27   0:00   0:00 
Ryan Nugent-Hopkins      1  0  1   0  0   3  0  0  2  1  18/36  21:14   1:09   0:00 
T.J. Brodie              0  1  1   0  0   2  0  2  1  0  0/0    26:30   1:18   0:00 
Teddy Blueger            1  0  1   1  0   2  0  0  0  1  2/2     9:04   0:50   0:00 
Tyler Seguin             0  1  1   0  0   5  0  0  1  0  4/6    20:51   0:50   0:00 

Players Stats for Golden Seals

Player Name              G  A  P  +/- PIM S  H  SB GA TA FO     MP     PP MP  PK MP  
------------------------------------------------------------------------------------
Barclay Goodrow          0  0  0  -1  0   1  0  1  0  0  2/4     9:34   0:00   1:16 
Cody Ceci                0  0  0   1  0   2  3  0  0  1  0/0    16:08   0:00   0:47 
Colton Parayko           0  2  2  -2  0   0  4  4  0  0  0/0    24:42   0:00   0:17 
Jaden Schwartz           0  0  0   0  0   4  0  0  2  0  0/0    19:43   0:00   0:00 
Jake McCabe              0  0  0  -1  0   1  2  5  0  1  0/0    24:54   0:00   1:04 
Jonathan Toews           1  0  1   1  0   6  2  0  1  0  9/20   19:56   0:00   0:00 
Jordan Eberle            0  1  1   1  0   1  2  0  0  0  1/3    19:34   0:00   0:00 
Max Domi                 1  0  1  -1  2   7  1  0  1  1  2/2    19:04   0:00   0:00 
Miles Wood               0  0  0  -1  0   2  0  0  0  1  0/0     9:35   0:00   1:16 
Nate Schmidt             0  0  0   0  0   0  1  1  0  1  0/0    18:52   0:00   0:00 
Nick Cousins             0  0  0  -1  0   1  3  0  0  1  0/0     7:44   0:00   0:00 
Nick Suzuki              0  1  1   1  0   0  1  0  0  0  3/9    12:00   0:00   0:41 
Olli Maatta              0  0  0   0  0   4  4  0  0  2  0/0    19:47   0:00   0:55 
Oskar Lindblom           0  0  0   1  0   2  2  1  2  1  0/0    11:24   0:00   0:02 
Robby Fabbri             1  0  1   1  0   3  1  0  0  0  1/1    11:50   0:00   0:41 
Robert Hagg              0  0  0   1  0   0  2  0  0  0  0/0    16:11   0:00   0:55 
Tyler Toffoli            0  0  0  -2  0   1  0  0  0  2  0/1    19:21   0:00   0:00 
William Karlsson         0  1  1  -1  0   3  1  0  0  1  13/25  19:41   0:00   0:02 

3 Stars

1 - Cedric Paquette (TAM)
2 - Andrej Sekera (TAM)
3 - Jonathan Toews (CLF)

Power Play

Lightning - 0 on 1 Attempt(s) - 0,00%
Golden Seals - 0 on 0 Attempt(s) - 0,00%

Penalty Kill

Lightning - 0 on 0 Attempt(s) - 0,00% - Score 0 goal in Penalty Kill
Golden Seals - 1 on 1 Attempt(s) - 100,00% - Score 0 goal in Penalty Kill

Team Stat

Lightning - Hits : 12 - Faceoff Wins : 34 - Blocked Shots : 8 - Penalty Minutes : 0
Golden Seals - Hits : 29 - Faceoff Wins : 31 - Blocked Shots : 12 - Penalty Minutes : 2

Official

Referees : Mitch Dunning and Jake Brenk
Linesman : Trent Knorr and Jonny Murray

Game Notes

0:14 of 1st overtime period - Lightning goal is going for a video replay. After video review, No Goal. The puck has been directed, batted or thrown into the net by an attacking player other than with a stick.

Finance

Level 1 -- Attendance: 6000 (100,00%) -- Ticket Income 360 000 $
Level 2 -- Attendance: 5000 (100,00%) -- Ticket Income 175 000 $
Level 3 -- Attendance: 2000 (100,00%) -- Ticket Income 32 000 $
Level 4 -- Attendance: 4000 (100,00%) -- Ticket Income 40 000 $
Luxury Box -- Attendance: 1000 (100,00%) -- Ticket Income 100 000 $
Game was played at the Sideburns Coliseum.
Total Attendance: 18000 (100,00%)
Total Ticket Income: 707 000 $
Other Income: 346 430 $
Total Income: 1 053 430 $

Lightning

5 vs 5 Forward 
   Center                   Left Wing                Right Wing               Time % Phy DF OF 
 1 Ryan Nugent-Hopkins      Jon Marchessault         Tyler Seguin             40     0   1  4  
 2 Mikko Koivu              Jakob Silfverberg        Nick Foligno             30     0   2  3  
 3 Cedric Paquette          Andrew Cogliano          Ryan Dzingel             20     0   2  3  
 4 Teddy Blueger            Nicolas Deslauriers      Chris Wagner             10     0   3  2  

5 vs 5 Defense 
   Defense                  Defense                                           Time % Phy DF OF 
 1 T.J. Brodie              Radko Gudas                                       42     0   1  4  
 2 Johnny Boychuk           Andrej Sekera                                     33     0   2  3  
 3 Riley Stillman           Colin Miller                                      25     0   3  2  
 4 Johnny Boychuk           Colin Miller                                      0      0   3  2  

PowerPlay Forward 
   Center                   Left Wing                Right Wing               Time % Phy DF OF 
 1 Ryan Nugent-Hopkins      Jon Marchessault         Jakob Silfverberg        60     0   0  5  
 2 Tyler Seguin             Teddy Blueger            Nick Foligno             40     0   1  4  

PowerPlay Defense
   Defense                  Defense                                           Time % Phy DF OF 
 1 Nicolas Deslauriers      T.J. Brodie                                       60     0   1  4  
 2 Radko Gudas              Andrej Sekera                                     40     0   2  3  

Penalty Kill 4 Players Forward 
   Center                   Wing                     Time % Phy DF OF 
 1 Cedric Paquette          Teddy Blueger            60     0   3  2  
 2 Mikko Koivu              Chris Wagner             40     0   3  2  

Penalty Kill 4 Players Defense
   Defense                  Defense                  Time % Phy DF OF 
 1 Riley Stillman           Radko Gudas              60     0   3  2  
 2 Johnny Boychuk           Andrej Sekera            40     0   3  2  

Penalty Kill - 3 Players Forward 
   Forward                                           Time % Phy DF OF 
 1 Cedric Paquette                                   60     0   4  1  
 2 Teddy Blueger                                     40     0   4  1  

Penalty Kill - 3 Players Defense
   Defense                  Defense                  Time % Phy DF OF 
 1 Riley Stillman           Radko Gudas              60     0   5  0  
 2 Johnny Boychuk           Andrej Sekera            40     0   5  0  

4 vs 4 Forward 
   Center                   Wing                     Time % Phy DF OF 
 1 Ryan Nugent-Hopkins      Jon Marchessault         60     0   2  3  
 2 Tyler Seguin             Nick Foligno             40     1   2  2  

4 vs 4 Defense
   Defense                  Defense                  Time % Phy DF OF 
 1 T.J. Brodie              Nicolas Deslauriers      60     0   2  3  
 2 Radko Gudas              Andrej Sekera            40     0   2  3  

Last Minutes Offensive
   Center                   Left Wing                Right Wing               Defense                  Defense                  
   Ryan Nugent-Hopkins      Jon Marchessault         Jakob Silfverberg        Nicolas Deslauriers      T.J. Brodie              

Last Minutes Defensive
   Center                   Left Wing                Right Wing               Defense                  Defense                  
   Mikko Koivu              Cedric Paquette          Teddy Blueger            Riley Stillman           Radko Gudas              

Goaltenders
Starting : Matt Murray              
Backup : Braden Holtby            

Extra Forwards
Normal : Mikko Koivu, Cedric Paquette, Ryan Dzingel - PP : Mikko Koivu, Cedric Paquette - PK : Ryan Dzingel
Extra Defensemen
Normal : Riley Stillman, Colin Miller, Nicolas Deslauriers - PP : Riley Stillman - PK : Colin Miller, Nicolas Deslauriers
Penalty Shots
Jakob Silfverberg, Tyler Seguin, Mikko Koivu, Jon Marchessault, Teddy Blueger
Custom OT Lines Forwards
Ryan Nugent-Hopkins, Tyler Seguin, Jakob Silfverberg, Nick Foligno, Jon Marchessault, Mikko Koivu, Cedric Paquette, Andrew Cogliano, Ryan Dzingel, Teddy Blueger
Custom OT Lines Defensemen
T.J. Brodie, Radko Gudas, Johnny Boychuk, Andrej Sekera, Riley Stillman

Scratches
Brett Howden (Healthy), Michael Stone (Healthy), Andrew Hammond (Healthy)

Golden Seals

5 vs 5 Forward 
   Center                   Left Wing                Right Wing               Time % Phy DF OF 
 1 Jonathan Toews           Jaden Schwartz           Jordan Eberle            38     0   2  3  
 2 William Karlsson         Max Domi                 Tyler Toffoli            32     0   2  3  
 3 Nick Suzuki              Oskar Lindblom           Robby Fabbri             20     0   2  3  
 4 Barclay Goodrow          Miles Wood               Nick Cousins             10     1   2  2  

5 vs 5 Defense 
   Defense                  Defense                                           Time % Phy DF OF 
 1 Colton Parayko           Jake McCabe                                       40     0   3  2  
 2 Nate Schmidt             Olli Maatta                                       33     0   3  2  
 3 Cody Ceci                Robert Hagg                                       27     1   3  1  
 4 Colton Parayko           Jake McCabe                                       0      1   2  2  

PowerPlay Forward 
   Center                   Left Wing                Right Wing               Time % Phy DF OF 
 1 Jonathan Toews           Tyler Toffoli            Jaden Schwartz           60     1   0  4  
 2 William Karlsson         Max Domi                 Jordan Eberle            40     1   0  4  

PowerPlay Defense
   Defense                  Defense                                           Time % Phy DF OF 
 1 Colton Parayko           Oskar Lindblom                                    60     0   1  4  
 2 Nate Schmidt             Nick Suzuki                                       40     0   1  4  

Penalty Kill 4 Players Forward 
   Center                   Wing                     Time % Phy DF OF 
 1 Barclay Goodrow          Miles Wood               65     1   3  1  
 2 William Karlsson         Jonathan Toews           35     1   3  1  

Penalty Kill 4 Players Defense
   Defense                  Defense                  Time % Phy DF OF 
 1 Cody Ceci                Jake McCabe              60     1   4  0  
 2 Olli Maatta              Robert Hagg              40     1   4  0  

Penalty Kill - 3 Players Forward 
   Forward                                           Time % Phy DF OF 
 1 Barclay Goodrow                                   60     1   4  0  
 2 Jonathan Toews                                    40     1   4  0  

Penalty Kill - 3 Players Defense
   Defense                  Defense                  Time % Phy DF OF 
 1 Cody Ceci                Jake McCabe              60     1   4  0  
 2 Cody Ceci                Jake McCabe              40     1   4  0  

4 vs 4 Forward 
   Center                   Wing                     Time % Phy DF OF 
 1 Jonathan Toews           Jaden Schwartz           55     0   2  3  
 2 William Karlsson         Tyler Toffoli            45     0   2  3  

4 vs 4 Defense
   Defense                  Defense                  Time % Phy DF OF 
 1 Colton Parayko           Jake McCabe              60     0   3  2  
 2 Nate Schmidt             Olli Maatta              40     0   3  2  

Last Minutes Offensive
   Center                   Left Wing                Right Wing               Defense                  Defense                  
   Jonathan Toews           Jaden Schwartz           Tyler Toffoli            Colton Parayko           Nate Schmidt             

Last Minutes Defensive
   Center                   Left Wing                Right Wing               Defense                  Defense                  
   Jonathan Toews           Barclay Goodrow          Miles Wood               Cody Ceci                Jake McCabe              

Goaltenders
Starting : Andrei Vasilevskiy       
Backup : Pheonix Copley           

Extra Forwards
Normal : Nick Suzuki, Oskar Lindblom, Miles Wood - PP : Barclay Goodrow, Robby Fabbri - PK : Nick Suzuki
Extra Defensemen
Normal : Nate Schmidt, Cody Ceci, Colton Parayko - PP : Cody Ceci - PK : Colton Parayko, Nate Schmidt
Penalty Shots
Jonathan Toews, William Karlsson, Jordan Eberle, Tyler Toffoli, Nick Cousins
Custom OT Lines Forwards
Jonathan Toews, William Karlsson, Jaden Schwartz, Tyler Toffoli, Jordan Eberle, Max Domi, Nick Suzuki, Miles Wood, Oskar Lindblom, Robby Fabbri
Custom OT Lines Defensemen
Colton Parayko, Nate Schmidt, Olli Maatta, Jake McCabe, Cody Ceci

Scratches
Ondrej Kase (Healthy)

% Time on Ice - Lightning

Lines # - Real PCT - Wanted PCT - Time Play
Normal Forward
1 - 34% - 40% - 19:59
2 - 25% - 30% - 14:43
3 - 27% - 20% - 15:27
4 - 14% - 10% - 7:52
Normal Defense
1 - 42% - 42% - 24:34
2 - 32% - 33% - 18:23
3 - 23% - 25% - 13:26
4 - 3% - 0% - 1:38
PP Forward
1 - 58% - 60% - 1:09
2 - 42% - 40% - 0:50
PP Defense
1 - 66% - 60% - 1:18
2 - 34% - 40% - 0:41
PK Forward
1 - 0% - 60%
2 - 0% - 40%
PK Defense
1 - 0% - 60%
2 - 0% - 40%
PK3 Forward
1 - 0% - 60%
2 - 0% - 40%
PK3 Defense
1 - 0% - 60%
2 - 0% - 40%
44 Forward
1 - 0% - 60%
2 - 0% - 40%
44 Defense
1 - 0% - 60%
2 - 0% - 40%
Last Minute Offensive  - 0:00
Last Minute Defensive  - 0:00
Total
Forward - 60:00
Defense - 60:00

% Time on Ice - Golden Seals

Lines # - Real PCT - Wanted PCT - Time Play
Normal Forward
1 - 34% - 38% - 19:39
2 - 34% - 32% - 19:57
3 - 18% - 20% - 10:41
4 - 13% - 10% - 7:44
Normal Defense
1 - 41% - 40% - 23:50
2 - 33% - 33% - 18:55
3 - 26% - 27% - 15:16
4 - 0% - 0% - 0:00
PP Forward
1 - 0% - 60%
2 - 0% - 40%
PP Defense
1 - 0% - 60%
2 - 0% - 40%
PK Forward
1 - 100% - 65% - 1:59
2 - 0% - 35% - 0:00
PK Defense
1 - 54% - 60% - 1:04
2 - 46% - 40% - 0:55
PK3 Forward
1 - 0% - 60%
2 - 0% - 40%
PK3 Defense
1 - 0% - 60%
2 - 0% - 40%
44 Forward
1 - 0% - 55%
2 - 0% - 45%
44 Defense
1 - 0% - 60%
2 - 0% - 40%
Last Minute Offensive  - 0:00
Last Minute Defensive  - 0:00
Total
Forward - 60:00
Defense - 60:00

Play-by-Play

1st period


0:01 of 1st period - Ryan Nugent-Hopkins wins face-off versus Jonathan Toews in neutral zone.
0:50 of 1st period - Wrist shot by Robby Fabbri.
0:50 of 1st period - Stopped by Matt Murray with a rebound.
0:52 of 1st period - Wrist shot by Oskar Lindblom.
0:52 of 1st period - Stopped by Matt Murray without a rebound.
0:53 of 1st period - Barclay Goodrow wins face-off versus Cedric Paquette in Lightning zone.
1:24 of 1st period - Snap shot by Tyler Seguin.
1:24 of 1st period - Stopped by Andrei Vasilevskiy without a rebound.
1:25 of 1st period - Teddy Blueger wins face-off versus William Karlsson in Golden Seals zone.
1:28 of 1st period - Wrist shot by Nicolas Deslauriers.
1:28 of 1st period - Shot Misses the Net.
1:36 of 1st period - Wrist shot by Chris Wagner.
1:36 of 1st period - Stopped by Andrei Vasilevskiy with a rebound.
1:38 of 1st period - Snap shot by Colin Miller.
1:38 of 1st period - Stopped by Andrei Vasilevskiy without a rebound.
1:39 of 1st period - Ryan Nugent-Hopkins wins face-off versus Nick Suzuki in Golden Seals zone.
2:37 of 1st period - Tyler Toffoli is hit by Riley Stillman and loses puck.
2:48 of 1st period - Andrej Sekera is hit by Nick Cousins and loses puck.
3:15 of 1st period - Tyler Seguin is hit by Nick Suzuki and loses puck.
3:34 of 1st period - Snap shot by Jaden Schwartz.
3:34 of 1st period - Stopped by Matt Murray with a rebound.
3:36 of 1st period - Slapshot by Jaden Schwartz.
3:36 of 1st period - Stopped by Matt Murray with a rebound.
4:19 of 1st period - Wrist shot by Nick Cousins.
4:19 of 1st period - Stopped by Matt Murray without a rebound.
4:20 of 1st period - Jordan Eberle wins face-off versus Mikko Koivu in Lightning zone.
5:06 of 1st period - Snap shot by Nicolas Deslauriers.
5:06 of 1st period - Stopped by Andrei Vasilevskiy without a rebound.
5:07 of 1st period - Nick Suzuki wins face-off versus Nicolas Deslauriers in Golden Seals zone.
5:19 of 1st period - Jake McCabe is hit by Nicolas Deslauriers and loses puck.
5:32 of 1st period - Jon Marchessault is hit by Jake McCabe and loses puck.
6:43 of 1st period - Wrist shot by Miles Wood.
6:43 of 1st period - Shot Misses the Net.
7:00 of 1st period - Teddy Blueger is hit by Jordan Eberle.
7:12 of 1st period - Chris Wagner is hit by Cody Ceci and loses puck.
7:30 of 1st period - Radko Gudas is hit by Oskar Lindblom and loses puck.
7:37 of 1st period - Slapshot by Chris Wagner.
7:37 of 1st period - Deflect By Oskar Lindblom.
7:37 of 1st period - Stopped by Andrei Vasilevskiy without a rebound.
7:38 of 1st period - Ryan Nugent-Hopkins wins face-off versus William Karlsson in Golden Seals zone.
7:43 of 1st period - Snap shot by Tyler Seguin.
7:43 of 1st period - Stopped by Andrei Vasilevskiy without a rebound.
7:44 of 1st period - William Karlsson wins face-off versus Ryan Nugent-Hopkins in Golden Seals zone.
8:15 of 1st period - Slapshot by Robby Fabbri.
8:15 of 1st period - Shot Misses the Net.
8:21 of 1st period - Slapshot by Oskar Lindblom.
8:21 of 1st period - Shot Blocked by Andrej Sekera.
9:04 of 1st period - Miles Wood is hit by Cedric Paquette and loses puck.
9:15 of 1st period - T.J. Brodie is hit by Cody Ceci and loses puck.
9:21 of 1st period - Icing by Nicolas Deslauriers.
9:22 of 1st period - Teddy Blueger wins face-off versus William Karlsson in Lightning zone.
10:03 of 1st period - Wrist shot by Tyler Toffoli.
10:03 of 1st period - Shot Misses the Net.
10:05 of 1st period - Snap shot by Colton Parayko.
10:05 of 1st period - Deflect By Tyler Toffoli.
10:05 of 1st period - Shot Misses the Net.
10:05 of 1st period - Puck is out of play.
10:06 of 1st period - Mikko Koivu wins face-off versus Jonathan Toews in Lightning zone.
11:32 of 1st period - Chris Wagner is hit by Colton Parayko and loses puck.
12:42 of 1st period - Off-side.
12:43 of 1st period - Tyler Seguin wins face-off versus William Karlsson in neutral zone.
13:08 of 1st period - Robert Hagg is hit by Nick Foligno and loses puck.
14:34 of 1st period - Snap shot by Max Domi.
14:34 of 1st period - Shot Blocked by T.J. Brodie.
14:36 of 1st period - Snap shot by Olli Maatta.
14:36 of 1st period - Deflect By Radko Gudas.
14:36 of 1st period - Stopped by Matt Murray with a rebound.
14:40 of 1st period - Snap shot by Tyler Toffoli.
14:40 of 1st period - Shot Blocked by Nicolas Deslauriers.
14:42 of 1st period - Wrist shot by William Karlsson.
14:42 of 1st period - Shot Misses the Net.
14:44 of 1st period - Snap shot by Max Domi.
14:44 of 1st period - Stopped by Matt Murray without a rebound.
14:45 of 1st period - Nick Suzuki wins face-off versus Ryan Nugent-Hopkins in Lightning zone.
14:48 of 1st period - Slapshot by Robby Fabbri.
14:48 of 1st period - Shot Misses the Net.
14:57 of 1st period - Snap shot by Andrej Sekera.
14:57 of 1st period - Shot Blocked by Colton Parayko.
14:59 of 1st period - Slapshot by Ryan Nugent-Hopkins.
14:59 of 1st period - Stopped by Andrei Vasilevskiy without a rebound.
15:00 of 1st period - Mikko Koivu wins face-off versus Jonathan Toews in Golden Seals zone.
16:03 of 1st period - Slapshot by Teddy Blueger.
16:03 of 1st period - Deflect By Nicolas Deslauriers.
16:03 of 1st period - Shot Misses the Net.
16:03 of 1st period - Puck is out of play.
16:04 of 1st period - Ryan Nugent-Hopkins wins face-off versus Jonathan Toews in Golden Seals zone.
16:19 of 1st period - Slapshot by Jonathan Toews.
16:19 of 1st period - Stopped by Matt Murray with a rebound.
16:21 of 1st period - Wrist shot by Jordan Eberle.
16:21 of 1st period - Stopped by Matt Murray without a rebound.
16:22 of 1st period - William Karlsson wins face-off versus Mikko Koivu in Lightning zone.
17:14 of 1st period - Ryan Nugent-Hopkins is hit by Olli Maatta.
17:44 of 1st period - Nicolas Deslauriers is hit by Colton Parayko and loses puck.
17:59 of 1st period - Snap shot by Jakob Silfverberg.
17:59 of 1st period - Stopped by Andrei Vasilevskiy with a rebound.
18:01 of 1st period - Snap shot by Jakob Silfverberg.
18:01 of 1st period - Shot Blocked by Colton Parayko.
18:03 of 1st period - Slapshot by Jakob Silfverberg.
18:03 of 1st period - Shot Misses the Net.
18:05 of 1st period - Slapshot by Riley Stillman.
18:05 of 1st period - Stopped by Andrei Vasilevskiy without a rebound.
18:06 of 1st period - Tyler Seguin wins face-off versus Jordan Eberle in Golden Seals zone.
18:13 of 1st period - T.J. Brodie is hit by Robert Hagg.
18:42 of 1st period - Snap shot by Robby Fabbri.
18:42 of 1st period - Goal by Robby Fabbri - Lightning : 0 - Golden Seals : 1.
18:43 of 1st period - Jonathan Toews wins face-off versus Ryan Nugent-Hopkins in neutral zone.
19:11 of 1st period - T.J. Brodie is hit by Jake McCabe and loses puck.
19:16 of 1st period - Wrist shot by Max Domi.
19:16 of 1st period - Shot Misses the Net.
19:18 of 1st period - Wrist shot by Tyler Toffoli.
19:18 of 1st period - Shot Misses the Net.
19:20 of 1st period - Slapshot by Colton Parayko.
19:20 of 1st period - Shot Misses the Net.
19:56 of 1st period - Chris Wagner is hit by Nick Cousins and loses puck.
Goals for this period are 0 for Lightning vs 1 for Golden Seals.
Shots for this period are 9 for Lightning vs 10 for Golden Seals.

2nd period


0:01 of 2nd period - Ryan Nugent-Hopkins wins face-off versus Jonathan Toews in neutral zone.
0:06 of 2nd period - Slapshot by Jon Marchessault.
0:06 of 2nd period - Stopped by Andrei Vasilevskiy with a rebound.
0:08 of 2nd period - Wrist shot by Tyler Seguin.
0:08 of 2nd period - Shot Misses the Net.
0:14 of 2nd period - Wrist shot by Jon Marchessault.
0:14 of 2nd period - Deflect By Ryan Nugent-Hopkins.
0:14 of 2nd period - Shot Blocked by Jake McCabe.
0:14 of 2nd period - Puck is out of play.
0:15 of 2nd period - William Karlsson wins face-off versus Mikko Koivu in Golden Seals zone.
0:20 of 2nd period - Snap shot by Colton Parayko.
0:20 of 2nd period - Shot Misses the Net.
0:40 of 2nd period - Ryan Nugent-Hopkins is hit by Jonathan Toews and loses puck.
1:11 of 2nd period - Wrist shot by Ryan Dzingel.
1:11 of 2nd period - Shot Misses the Net.
1:27 of 2nd period - Snap shot by Barclay Goodrow.
1:27 of 2nd period - Stopped by Matt Murray with a rebound.
1:29 of 2nd period - Slapshot by Olli Maatta.
1:29 of 2nd period - Deflect By Mikko Koivu.
1:29 of 2nd period - Stopped by Matt Murray with a rebound.
1:31 of 2nd period - Snap shot by Miles Wood.
1:31 of 2nd period - Stopped by Matt Murray with a rebound.
2:05 of 2nd period - Backhand shot by Chris Wagner.
2:05 of 2nd period - Shot Misses the Net.
2:07 of 2nd period - Wrist shot by Tyler Seguin.
2:07 of 2nd period - Stopped by Andrei Vasilevskiy without a rebound.
2:08 of 2nd period - Ryan Nugent-Hopkins wins face-off versus Jonathan Toews in Golden Seals zone.
2:31 of 2nd period - Slapshot by Tyler Seguin.
2:31 of 2nd period - Shot Misses the Net.
2:37 of 2nd period - Colin Miller is hit by Jordan Eberle and loses puck.
2:52 of 2nd period - Wrist shot by Jonathan Toews.
2:52 of 2nd period - Shot Misses the Net.
2:54 of 2nd period - Slapshot by Jordan Eberle.
2:54 of 2nd period - Shot Hit the Post.
2:56 of 2nd period - Slapshot by Colton Parayko.
2:56 of 2nd period - Shot Blocked by Riley Stillman.
2:58 of 2nd period - Wrist shot by Jonathan Toews.
2:58 of 2nd period - Goal by Jonathan Toews - Lightning : 0 - Golden Seals : 2.
2:59 of 2nd period - Mikko Koivu wins face-off versus William Karlsson in neutral zone.
3:12 of 2nd period - Snap shot by Mikko Koivu.
3:12 of 2nd period - Shot Misses the Net.
3:14 of 2nd period - Slapshot by T.J. Brodie.
3:14 of 2nd period - Shot Misses the Net.
3:29 of 2nd period - Ryan Dzingel is hit by Robby Fabbri and loses puck.
4:14 of 2nd period - Snap shot by Miles Wood.
4:14 of 2nd period - Stopped by Matt Murray with a rebound.
4:16 of 2nd period - Backhand shot by Cody Ceci.
4:16 of 2nd period - Stopped by Matt Murray with a rebound.
4:34 of 2nd period - Tyler Toffoli is hit by Mikko Koivu and loses puck.
4:46 of 2nd period - Off-side.
4:47 of 2nd period - Jonathan Toews wins face-off versus Ryan Nugent-Hopkins in neutral zone.
4:58 of 2nd period - Snap shot by Jaden Schwartz.
4:58 of 2nd period - Stopped by Matt Murray with a rebound.
5:00 of 2nd period - Snap shot by Nate Schmidt.
5:00 of 2nd period - Shot Blocked by T.J. Brodie.
5:02 of 2nd period - Slapshot by Olli Maatta.
5:02 of 2nd period - Stopped by Matt Murray with a rebound.
5:04 of 2nd period - Slapshot by Nate Schmidt.
5:04 of 2nd period - Deflect By Jordan Eberle.
5:04 of 2nd period - Shot Misses the Net.
5:04 of 2nd period - Puck is out of play.
5:05 of 2nd period - Max Domi wins face-off versus Mikko Koivu in Lightning zone.
5:16 of 2nd period - Slapshot by Max Domi.
5:16 of 2nd period - Stopped by Matt Murray with a rebound.
6:39 of 2nd period - Wrist shot by Mikko Koivu.
6:39 of 2nd period - Shot Misses the Net.
7:07 of 2nd period - Snap shot by Jonathan Toews.
7:07 of 2nd period - Stopped by Matt Murray without a rebound.
7:08 of 2nd period - William Karlsson wins face-off versus Ryan Nugent-Hopkins in Lightning zone.
7:12 of 2nd period - Icing by T.J. Brodie.
7:13 of 2nd period - William Karlsson wins face-off versus Jon Marchessault in Lightning zone.
7:44 of 2nd period - Wrist shot by Ryan Dzingel.
7:44 of 2nd period - Stopped by Andrei Vasilevskiy with a rebound.
8:25 of 2nd period - Slapshot by Max Domi.
8:25 of 2nd period - Shot Misses the Net.
8:43 of 2nd period - Tyler Seguin is hit by Nick Cousins and loses puck.
9:02 of 2nd period - Andrej Sekera is hit by Robert Hagg.
9:35 of 2nd period - Cody Ceci is hit by Andrew Cogliano.
9:47 of 2nd period - Wrist shot by Ryan Dzingel.
9:47 of 2nd period - Stopped by Andrei Vasilevskiy with a rebound.
9:49 of 2nd period - Snap shot by Cedric Paquette.
9:49 of 2nd period - Shot Misses the Net.
9:51 of 2nd period - Snap shot by Cedric Paquette.
9:51 of 2nd period - Shot Misses the Net.
9:53 of 2nd period - Snap shot by Andrew Cogliano.
9:53 of 2nd period - Stopped by Andrei Vasilevskiy with a rebound.
10:17 of 2nd period - Jonathan Toews is hit by Andrew Cogliano.
11:15 of 2nd period - Snap shot by Andrew Cogliano.
11:15 of 2nd period - Shot Misses the Net.
11:17 of 2nd period - Slapshot by Radko Gudas.
11:17 of 2nd period - Shot Misses the Net.
11:19 of 2nd period - Backhand shot by T.J. Brodie.
11:19 of 2nd period - Deflect By Cedric Paquette.
11:19 of 2nd period - Shot Misses the Net.
11:19 of 2nd period - Puck is out of play.
11:20 of 2nd period - Max Domi wins face-off versus Ryan Nugent-Hopkins in Golden Seals zone.
11:27 of 2nd period - Snap shot by Ryan Nugent-Hopkins.
11:27 of 2nd period - Shot Misses the Net.
11:29 of 2nd period - Slapshot by Tyler Seguin.
11:29 of 2nd period - Stopped by Andrei Vasilevskiy without a rebound.
11:30 of 2nd period - William Karlsson wins face-off versus Ryan Nugent-Hopkins in Golden Seals zone.
11:32 of 2nd period - Minor Penalty to Max Domi for Slashing.
11:33 of 2nd period - Ryan Nugent-Hopkins wins face-off versus Barclay Goodrow in Golden Seals zone.
11:39 of 2nd period - Snap shot by Ryan Nugent-Hopkins.
11:39 of 2nd period - Shot Misses the Net.
11:41 of 2nd period - Slapshot by Nicolas Deslauriers.
11:41 of 2nd period - Shot Blocked by Colton Parayko.
11:43 of 2nd period - Slapshot by T.J. Brodie.
11:43 of 2nd period - Stopped by Andrei Vasilevskiy without a rebound.
11:44 of 2nd period - Barclay Goodrow wins face-off versus Ryan Nugent-Hopkins in Golden Seals zone.
11:53 of 2nd period - Slapshot by Ryan Nugent-Hopkins.
11:53 of 2nd period - Shot Blocked by Jake McCabe.
11:55 of 2nd period - Slapshot by T.J. Brodie.
11:55 of 2nd period - Stopped by Andrei Vasilevskiy with a rebound.
11:57 of 2nd period - Slapshot by T.J. Brodie.
11:57 of 2nd period - Shot Misses the Net.
12:25 of 2nd period - Snap shot by Tyler Seguin.
12:25 of 2nd period - Deflect By Miles Wood.
12:25 of 2nd period - Shot Blocked by Barclay Goodrow.
12:25 of 2nd period - Puck is out of play.
12:26 of 2nd period - Tyler Seguin wins face-off versus Barclay Goodrow in Golden Seals zone.
12:37 of 2nd period - Wrist shot by Tyler Seguin.
12:37 of 2nd period - Shot Misses the Net.
13:32 of 2nd period - Penalty to Max Domi is over, Max Domi is back on ice.
14:13 of 2nd period - Snap shot by Max Domi.
14:13 of 2nd period - Stopped by Matt Murray without a rebound.
14:14 of 2nd period - Jonathan Toews wins face-off versus Tyler Seguin in Lightning zone.
14:48 of 2nd period - Off-side.
14:49 of 2nd period - Mikko Koivu wins face-off versus Nick Suzuki in neutral zone.
14:56 of 2nd period - Snap shot by Jakob Silfverberg.
14:56 of 2nd period - Stopped by Andrei Vasilevskiy with a rebound.
15:38 of 2nd period - Off-side.
15:39 of 2nd period - William Karlsson wins face-off versus Cedric Paquette in neutral zone.
15:44 of 2nd period - Olli Maatta is hit by Andrew Cogliano and loses puck.
16:06 of 2nd period - Off-side.
16:07 of 2nd period - Ryan Nugent-Hopkins wins face-off versus Nick Suzuki in neutral zone.
17:26 of 2nd period - Chris Wagner is hit by William Karlsson and loses puck.
17:46 of 2nd period - Snap shot by Tyler Toffoli.
17:46 of 2nd period - Deflect By William Karlsson.
17:46 of 2nd period - Stopped by Matt Murray with a rebound.
17:48 of 2nd period - Wrist shot by Cody Ceci.
17:48 of 2nd period - Stopped by Matt Murray without a rebound.
17:49 of 2nd period - Nick Suzuki wins face-off versus Mikko Koivu in Lightning zone.
18:02 of 2nd period - Wrist shot by Nick Foligno.
18:02 of 2nd period - Shot Blocked by Oskar Lindblom.
18:04 of 2nd period - Wrist shot by Nick Foligno.
18:04 of 2nd period - Shot Misses the Net.
18:19 of 2nd period - Slapshot by Colton Parayko.
18:19 of 2nd period - Shot Misses the Net.
18:39 of 2nd period - Johnny Boychuk is hit by Colton Parayko and loses puck.
18:56 of 2nd period - Slapshot by Andrew Cogliano.
18:56 of 2nd period - Stopped by Andrei Vasilevskiy without a rebound.
18:57 of 2nd period - Ryan Nugent-Hopkins wins face-off versus William Karlsson in Golden Seals zone.
19:14 of 2nd period - Wrist shot by Ryan Nugent-Hopkins.
19:14 of 2nd period - Shot Blocked by Nate Schmidt.
19:24 of 2nd period - Nick Foligno is hit by Olli Maatta and loses puck.
19:53 of 2nd period - Slapshot by Nicolas Deslauriers.
19:53 of 2nd period - Stopped by Andrei Vasilevskiy with a rebound.
Goals for this period are 0 for Lightning vs 1 for Golden Seals.
Shots for this period are 11 for Lightning vs 13 for Golden Seals.

3rd period


0:01 of 3rd period - Ryan Nugent-Hopkins wins face-off versus William Karlsson in neutral zone.
0:43 of 3rd period - Wrist shot by Mikko Koivu.
0:43 of 3rd period - Stopped by Andrei Vasilevskiy with a rebound.
1:42 of 3rd period - Snap shot by Ryan Nugent-Hopkins.
1:42 of 3rd period - Stopped by Andrei Vasilevskiy without a rebound.
1:43 of 3rd period - Jon Marchessault wins face-off versus William Karlsson in Golden Seals zone.
1:50 of 3rd period - Snap shot by Ryan Nugent-Hopkins.
1:50 of 3rd period - Shot Blocked by Colton Parayko.
1:52 of 3rd period - Wrist shot by Jon Marchessault.
1:52 of 3rd period - Stopped by Andrei Vasilevskiy with a rebound.
1:54 of 3rd period - Slapshot by Colin Miller.
1:54 of 3rd period - Deflect By Ryan Nugent-Hopkins.
1:54 of 3rd period - Shot Blocked by Jake McCabe.
1:54 of 3rd period - Puck is out of play.
1:55 of 3rd period - Ryan Nugent-Hopkins wins face-off versus Jonathan Toews in Golden Seals zone.
1:56 of 3rd period - Wrist shot by Tyler Seguin.
1:56 of 3rd period - Shot Misses the Net.
2:29 of 3rd period - Backhand shot by William Karlsson.
2:29 of 3rd period - Stopped by Matt Murray with a rebound.
2:31 of 3rd period - Wrist shot by Max Domi.
2:31 of 3rd period - Goal by Max Domi - Lightning : 0 - Golden Seals : 3.
2:32 of 3rd period - Ryan Nugent-Hopkins wins face-off versus Jordan Eberle in neutral zone.
2:36 of 3rd period - Off-side.
2:37 of 3rd period - Jonathan Toews wins face-off versus Ryan Nugent-Hopkins in neutral zone.
2:42 of 3rd period - Snap shot by Jonathan Toews.
2:42 of 3rd period - Shot Blocked by Jon Marchessault.
2:44 of 3rd period - Snap shot by Jonathan Toews.
2:44 of 3rd period - Shot Misses the Net.
2:46 of 3rd period - Slapshot by Jonathan Toews.
2:46 of 3rd period - Stopped by Matt Murray with a rebound.
2:48 of 3rd period - Snap shot by Jaden Schwartz.
2:48 of 3rd period - Stopped by Matt Murray without a rebound.
2:49 of 3rd period - Jonathan Toews wins face-off versus Ryan Nugent-Hopkins in Lightning zone.
3:42 of 3rd period - Andrew Cogliano is hit by Nate Schmidt.
3:58 of 3rd period - Backhand shot by Nicolas Deslauriers.
3:58 of 3rd period - Stopped by Andrei Vasilevskiy with a rebound.
4:00 of 3rd period - Wrist shot by Teddy Blueger.
4:00 of 3rd period - Shot Misses the Net.
4:02 of 3rd period - Slapshot by Andrej Sekera.
4:02 of 3rd period - Stopped by Andrei Vasilevskiy with a rebound.
4:04 of 3rd period - Wrist shot by Teddy Blueger.
4:04 of 3rd period - Goal by Teddy Blueger - Lightning : 1 - Golden Seals : 3.
4:05 of 3rd period - Ryan Nugent-Hopkins wins face-off versus Jonathan Toews in neutral zone.
4:14 of 3rd period - Snap shot by Jaden Schwartz.
4:14 of 3rd period - Shot Misses the Net.
4:16 of 3rd period - Snap shot by Colton Parayko.
4:16 of 3rd period - Deflect By Jaden Schwartz.
4:16 of 3rd period - Shot Misses the Net.
4:16 of 3rd period - Puck is out of play.
4:17 of 3rd period - William Karlsson wins face-off versus Ryan Nugent-Hopkins in Lightning zone.
4:26 of 3rd period - Snap shot by William Karlsson.
4:26 of 3rd period - Stopped by Matt Murray with a rebound.
4:57 of 3rd period - Slapshot by Jakob Silfverberg.
4:57 of 3rd period - Stopped by Andrei Vasilevskiy without a rebound.
4:58 of 3rd period - Cedric Paquette wins face-off versus Jonathan Toews in Golden Seals zone.
5:12 of 3rd period - Off-side.
5:13 of 3rd period - William Karlsson wins face-off versus Ryan Nugent-Hopkins in neutral zone.
5:16 of 3rd period - Snap shot by Max Domi.
5:16 of 3rd period - Stopped by Matt Murray with a rebound.
5:40 of 3rd period - Nick Foligno is hit by Jonathan Toews and loses puck.
5:49 of 3rd period - Slapshot by Jaden Schwartz.
5:49 of 3rd period - Shot Blocked by Jakob Silfverberg.
6:05 of 3rd period - Wrist shot by Robby Fabbri.
6:05 of 3rd period - Shot Blocked by Radko Gudas.
6:07 of 3rd period - Wrist shot by Oskar Lindblom.
6:07 of 3rd period - Stopped by Matt Murray with a rebound.
6:09 of 3rd period - Slapshot by Cody Ceci.
6:09 of 3rd period - Shot Misses the Net.
6:11 of 3rd period - Slapshot by Robert Hagg.
6:11 of 3rd period - Shot Misses the Net.
6:29 of 3rd period - Nicolas Deslauriers is hit by Cody Ceci and loses puck.
7:03 of 3rd period - Icing by William Karlsson.
7:04 of 3rd period - Nick Foligno wins face-off versus Jonathan Toews in Golden Seals zone.
7:05 of 3rd period - Snap shot by Mikko Koivu.
7:05 of 3rd period - Stopped by Andrei Vasilevskiy without a rebound.
7:06 of 3rd period - Mikko Koivu wins face-off versus Jonathan Toews in Golden Seals zone.
7:15 of 3rd period - Mikko Koivu is hit by Colton Parayko and loses puck.
7:56 of 3rd period - Wrist shot by Jonathan Toews.
7:56 of 3rd period - Stopped by Matt Murray without a rebound.
7:57 of 3rd period - Ryan Nugent-Hopkins wins face-off versus William Karlsson in Lightning zone.
8:02 of 3rd period - Wrist shot by Ryan Nugent-Hopkins.
8:02 of 3rd period - Shot Hit the Post.
8:04 of 3rd period - Slapshot by Radko Gudas.
8:04 of 3rd period - Stopped by Andrei Vasilevskiy without a rebound.
8:05 of 3rd period - William Karlsson wins face-off versus Ryan Nugent-Hopkins in Golden Seals zone.
8:12 of 3rd period - Snap shot by Max Domi.
8:12 of 3rd period - Stopped by Matt Murray without a rebound.
8:13 of 3rd period - Ryan Nugent-Hopkins wins face-off versus Tyler Toffoli in Lightning zone.
8:13 of 3rd period - Ryan Nugent-Hopkins is hit by Max Domi.
8:55 of 3rd period - Icing by Jaden Schwartz.
8:56 of 3rd period - Cedric Paquette wins face-off versus Nick Suzuki in Golden Seals zone.
8:59 of 3rd period - Wrist shot by Andrew Cogliano.
8:59 of 3rd period - Stopped by Andrei Vasilevskiy with a rebound.
9:01 of 3rd period - Slapshot by Colin Miller.
9:01 of 3rd period - Shot Blocked by Jake McCabe.
9:03 of 3rd period - Slapshot by Andrew Cogliano.
9:03 of 3rd period - Shot Misses the Net.
9:05 of 3rd period - Snap shot by Andrew Cogliano.
9:05 of 3rd period - Stopped by Andrei Vasilevskiy without a rebound.
9:06 of 3rd period - William Karlsson wins face-off versus Ryan Nugent-Hopkins in Golden Seals zone.
9:15 of 3rd period - Wrist shot by Tyler Toffoli.
9:15 of 3rd period - Shot Misses the Net.
9:19 of 3rd period - Wrist shot by Max Domi.
9:19 of 3rd period - Stopped by Matt Murray without a rebound.
9:20 of 3rd period - Jonathan Toews wins face-off versus Ryan Nugent-Hopkins in Lightning zone.
9:30 of 3rd period - Off-side.
9:31 of 3rd period - Jonathan Toews wins face-off versus Ryan Nugent-Hopkins in neutral zone.
9:42 of 3rd period - Slapshot by Jonathan Toews.
9:42 of 3rd period - Stopped by Matt Murray with a rebound.
9:44 of 3rd period - Slapshot by Nate Schmidt.
9:44 of 3rd period - Shot Misses the Net.
9:46 of 3rd period - Slapshot by Olli Maatta.
9:46 of 3rd period - Stopped by Matt Murray with a rebound.
10:20 of 3rd period - Colton Parayko is hit by Nick Foligno and loses puck.
10:25 of 3rd period - Slapshot by Nick Foligno.
10:25 of 3rd period - Shot Misses the Net.
10:27 of 3rd period - Snap shot by Mikko Koivu.
10:27 of 3rd period - Goal by Mikko Koivu - Lightning : 2 - Golden Seals : 3.
10:28 of 3rd period - William Karlsson wins face-off versus Mikko Koivu in neutral zone.
10:31 of 3rd period - Nick Foligno is hit by Olli Maatta and loses puck.
10:54 of 3rd period - Ryan Nugent-Hopkins is hit by Olli Maatta and loses puck.
11:15 of 3rd period - Cedric Paquette is hit by Oskar Lindblom and loses puck.
11:42 of 3rd period - Wrist shot by Teddy Blueger.
11:42 of 3rd period - Stopped by Andrei Vasilevskiy with a rebound.
11:48 of 3rd period - Nick Cousins is hit by Chris Wagner and loses puck.
11:57 of 3rd period - Snap shot by Jake McCabe.
11:57 of 3rd period - Stopped by Matt Murray without a rebound.
11:58 of 3rd period - Jonathan Toews wins face-off versus Mikko Koivu in Lightning zone.
12:09 of 3rd period - Snap shot by Jordan Eberle.
12:09 of 3rd period - Deflect By Mikko Koivu.
12:09 of 3rd period - Shot Misses the Net.
12:09 of 3rd period - Puck is out of play.
12:10 of 3rd period - William Karlsson wins face-off versus Ryan Nugent-Hopkins in Lightning zone.
12:21 of 3rd period - Slapshot by Tyler Toffoli.
12:21 of 3rd period - Stopped by Matt Murray with a rebound.
12:29 of 3rd period - Max Domi is hit by Radko Gudas and loses puck.
12:48 of 3rd period - Wrist shot by Mikko Koivu.
12:48 of 3rd period - Stopped by Andrei Vasilevskiy with a rebound.
13:06 of 3rd period - Snap shot by Robby Fabbri.
13:06 of 3rd period - Stopped by Matt Murray without a rebound.
13:07 of 3rd period - Ryan Nugent-Hopkins wins face-off versus Nick Suzuki in Lightning zone.
13:57 of 3rd period - Icing by T.J. Brodie.
13:58 of 3rd period - Cedric Paquette wins face-off versus William Karlsson in Lightning zone.
14:57 of 3rd period - Slapshot by Radko Gudas.
14:57 of 3rd period - Shot Blocked by Jake McCabe.
14:59 of 3rd period - Wrist shot by Ryan Dzingel.
14:59 of 3rd period - Shot Misses the Net.
15:57 of 3rd period - Max Domi is hit by Ryan Dzingel and loses puck.
16:06 of 3rd period - Snap shot by Ryan Dzingel.
16:06 of 3rd period - Shot Misses the Net.
17:23 of 3rd period - Snap shot by Cedric Paquette.
17:23 of 3rd period - Goal by Cedric Paquette - Lightning : 3 - Golden Seals : 3.
17:24 of 3rd period - Robby Fabbri wins face-off versus Ryan Nugent-Hopkins in neutral zone.
17:34 of 3rd period - Icing by Johnny Boychuk.
17:35 of 3rd period - Ryan Nugent-Hopkins wins face-off versus Nick Suzuki in Lightning zone.
Goals for this period are 3 for Lightning vs 1 for Golden Seals.
Shots for this period are 15 for Lightning vs 15 for Golden Seals.

Overtime #1


0:01 of 1st overtime period - Ryan Nugent-Hopkins wins face-off versus William Karlsson in neutral zone.
0:06 of 1st overtime period - Snap shot by Jakob Silfverberg.
0:06 of 1st overtime period - Stopped by Andrei Vasilevskiy without a rebound.
0:07 of 1st overtime period - Tyler Seguin wins face-off versus William Karlsson in Golden Seals zone.
0:12 of 1st overtime period - Wrist shot by Ryan Nugent-Hopkins.
0:12 of 1st overtime period - Shot Misses the Net.
0:14 of 1st overtime period - Snap shot by Tyler Seguin.
0:14 of 1st overtime period - Lightning goal is going for a video replay.
0:14 of 1st overtime period - The goal is refused. The puck has been directed, batted or thrown into the net by an attacking player other than with a stick..
0:15 of 1st overtime period - Jonathan Toews wins face-off versus Tyler Seguin in Golden Seals zone.
0:26 of 1st overtime period - Wrist shot by Jonathan Toews.
0:26 of 1st overtime period - Shot Misses the Net.
0:40 of 1st overtime period - Wrist shot by Ryan Nugent-Hopkins.
0:40 of 1st overtime period - Goal by Ryan Nugent-Hopkins - Lightning : 4 - Golden Seals : 3.
Goals for this period are 1 for Lightning vs 0 for Golden Seals.
Shots for this period are 3 for Lightning vs 0 for Golden Seals.